 Dungeon Crawl Stone Soup version 0.28-a0-983-g1de4e0787c (webtiles) character file.

Game seed: 17935368873636106605

67 Anon1729 the Poker (level 4, -2/37 HPs)
             Began as a Merfolk Monk on Dec 2, 2021.
             Was a Priest of Zin.
             Slain by Sigmund (11 damage)
             ... on level 2 of the Dungeon.
             The game lasted 00:02:02 (1394 turns).

Anon1729 the Poker (Merfolk Monk)                   Turns: 1394, Time: 00:02:03

Health: -2/37      AC:  2    Str: 13    XL:     4   Next: 16%
Magic:  4/4        EV: 18    Int:  9    God:    Zin [***...]
Gold:   24         SH:  5    Dex: 16    Spells: 3/3 levels left

rFire   + . .      SeeInvis .   a - +0 spear
rCold   + . .      Faith    .   (no shield)
rNeg    . . .      Spirit   .   b - +0 robe
rPois   +          Reflect  +   (no helmet)
rElec   +          Harm     .   (no cloak)
rCorr   +          Rampage  .   (no gloves)
Will    .....                   (no boots)
Stlth   ++........              i - amulet of reflection
HPRegen 0.12/turn               d - +4 ring of evasion
MPRegen 0.09/turn               (no ring)

@: resistant
A: (nimble swimmer 2), mertail
a: Renounce Religion, Recite, Vitalisation, Imprison, Donate Gold


You were on level 2 of the Dungeon.
You worshipped Zin.
Zin was most pleased with you.
You visited 1 branch of the dungeon, and saw 2 of its levels.

You collected 26 gold pieces.
You donated 2 gold pieces to Zin.

Inventory:

Hand Weapons
 a - a +0 spear (weapon)
 h - a +2 vampiric spear
Armour
 b - a +0 robe (worn)
Jewellery
 d - a +4 ring of evasion (left hand)
 i - an amulet of reflection (around neck)
Scrolls
 e - a scroll of vulnerability {unknown}
 f - a scroll of fear {unknown}
 l - a scroll of teleportation {unknown}
 m - a scroll of noise {unknown}
Potions
 c - a potion of flight {unknown}
 g - a potion of attraction {unknown}
 j - a potion of lignification {unknown}
 k - 2 potions of resistance


   Skills:
 + Level 3.9 Fighting
 + Level 5.2 Polearms
 + Level 4.7 Dodging
 + Level 3.1 Stealth


You had 3 spell levels left.
You didn't know any spells.
Your spell library was empty.

Dungeon Overview and Level Annotations

Branches:
Dungeon (2/15)

Altars:
Zin

Annotations:
D:2 Sigmund


Innate Abilities, Weirdness & Mutations

((You are quick and stealthy near water. (Stealth+, EV+, Speed+++)))
Your lower body shifts to a powerful aquatic tail in water.


Message History

You reach to attack!
You hit Sigmund but do no damage.
Sigmund is moderately wounded.
Sigmund barely misses you.
You reach to attack!
You hit Sigmund.
Sigmund is heavily wounded.
Sigmund completely misses you.
You reach to attack!
You hit Sigmund.
Sigmund is severely wounded.
You reach to attack!
You hit Sigmund but do no damage.
Sigmund is severely wounded.
Sigmund mumbles some strange words.
Sigmund flickers and vanishes!
Deactivating autopickup; reactivate with Ctrl-A.
No target in view!
No target in view!
No target in view!
No target in view!
No target in view!
No target in view!
No target in view!
Something barely misses you.
You completely miss something. You miss something. Something hits you!
You barely miss something. You hit something. Something hits you!
You hit something.
You hear some strange, mumbled words.
A magic dart appears from out of thin air!
The magic dart hits you!
* * * LOW HITPOINT WARNING * * *
You hit something.
You aren't carrying any items that you can evoke.
Okay, then.
Okay, then.
You aren't carrying any items that you can evoke.
You aren't carrying any items that you can evoke.
It was a potion of resistance.
You feel protected. Something hits you!
You die...

####### ##.....##
##.......##
#.........#
#..){.....#
#...@.....# #####
#...?.....# ....#
#.........# ###.#
#####.......##
.................#
#.######.........##
#.# #......†...####
#.# #..............
#.# #.........##...


There were no monsters in sight!

Vanquished Creatures
  An adder (D:2)
  2 dart slugs (D:1)
  7 endoplasms
  A giant cockroach (D:2)
  5 goblins
  7 hobgoblins
  4 jackals (D:1)
  3 quokkas
  4 ball pythons
  2 bats
  3 frilled lizards (D:1)
  7 kobolds
  A rat (D:1)
47 creatures vanquished.

Notes
Turn   | Place    | Note
-------+----------+-------------------------------------------
     0 | D:1      | Anon1729 the Merfolk Monk began the quest for the Orb.
     0 | D:1      | Reached XP level 1. HP: 18/18 MP: 1/1
   230 | D:1      | Reached XP level 2. HP: 24/24 MP: 2/2
   389 | D:1      | Reached XP level 3. HP: 29/29 MP: 3/3
   527 | D:1      | Found a faded altar of an unknown god.
   552 | D:1      | Reached skill level 5 in Polearms
   565 | D:1      | Prayed at the altar of an unknown god.
   565 | D:1      | Became a worshipper of Zin the Law-Giver
   565 | D:1      | Reached * piety under Zin
   565 | D:1      | Reached ** piety under Zin
  1211 | D:2      | Reached *** piety under Zin
  1350 | D:2      | Reached XP level 4. HP: 34/37 MP: 4/4
  1370 | D:2      | Noticed Sigmund
  1394 | D:2      | Slain by Sigmund

Illustrated notes

Levels and vault maps discovered:
D:1:      dpeg_arrival_rhombi, layout_loops_corners, basic_ecumenical_altar
D:2:      layout_rooms, st_stairs_2, uniq_sigmund

Skill      XL: |  1  2  3 |
---------------+----------+-----
Polearms       | 5 |  5.2
Stealth        | 3 |  3.1
Fighting       | |  3.9
Dodging        | |  4.7

Action                   |  1- 3 |  4- 6 || total
-------------------------+-------+-------++-------
Melee: Spear             |   116 |    20 ||   136
  Use: Potion            |       |     1 ||     1
 Stab: Sleeping          |    10 |       ||    10
Armor: Robe              |     8 |     1 ||     9
Dodge: Dodged            |    44 |     8 ||    52
Block: Other             |     2 |       ||     2

Table legend: (Time is in decaauts)
 A = Elapsed time spent in this place.
 B = Non-inter-level travel time spent in this place.
 C = Inter-level travel time spent in this place.
 D = Time resting spent in this place.
 E = Time spent auto-exploring this place.
 F = Levels seen in this place.
 G = Mean time per level.
                   A        B        C        D        E       F      G
               +--------+--------+--------+--------+--------+-----+--------+
         Total |   1372 |   1283 |     89 |      0 |   1005 |   2 |  686.0 |
       Dungeon |   1372 |   1283 |     89 |      0 |   1005 |   2 |  686.0 |
               +--------+--------+--------+--------+--------+-----+--------+

Top non-repeatable levels by time:
     D:1: 1038 daAuts
     D:2: 333 daAuts
